Cogmind - Beta 12 @@@ ROGUE MODE // 2023.04.15 @ 08:39:17 Player: maxwell Result: Destroyed by D-53 Grenadier with Mini Grenade Launcher Performance ------------- Evolutions (0) 0 Regions Visited (2) 400 Robots Destroyed (24) 120 Value Destroyed (692) 692 Prototype IDs (4) 80 Alien Tech Used (0) 0 Bonus (-124) -124 TOTAL SCORE: 1168 Bonus ------- Follower Combat Kills 25 Friendly Fire -149 Cogmind --------- Core Integrity 0/250 Matter 300/300 Energy 250/250 System Corruption 0% Temperature Cool (0) Movement Rolling (125) Ox3 Location -10/Mines Parts ------- > --- POWER (1) -------- Ion Engine > --- PROPULSION (2) --- Wheel > --- UTILITY (2) ------ Large Storage Unit Light Armor Plating > --- WEAPON (2) ------- Small Laser Light Cannon > --- INVENTORY (15) --- High-capacity Matter Pod (200) Machine Analyzer Experimental Sensor Array Targeting Computer Light Armor Plating Light Armor Plating Light Armor Plating Light Armor Plating Light Armor Plating Light Armor Plating Light Armor Plating Light Armor Plating Grenade Launcher Mining Claw Signal Generator Peak State ------------ > --- POWER ------------ Ion Engine > --- PROPULSION ------- Wheel Wheel > --- UTILITY ---------- Large Storage Unit Experimental Sensor Array > --- WEAPON ----------- Small Laser Light Cannon > --- INVENTORY -------- Machine Analyzer Targeting Computer Light Armor Plating Light Armor Plating Light Armor Plating Light Armor Plating Light Armor Plating Light Armor Plating Light Armor Plating Light Armor Plating Light Armor Plating Grenade Launcher Mining Claw Signal Generator [Rating: 17] Favorites ----------- Power Ion Engine Engine Ion Engine Propulsion Light Treads Treads Light Treads Leg Aluminum Leg Wheel Wheel Utility Small Storage Unit Device Heat Sink Storage Small Storage Unit Protection Light Armor Plating Weapon Light Assault Rifle Energy Gun Small Laser Ballistic Gun Light Assault Rifle Ballistic Cannon Light Cannon Launcher Grenade Launcher Build | -11 -10 -10 ------- Run | Jun Mat Min Slots Evolved . | . . . Power . | . . . Propulsion . | . . . Utility . | . . . Weapon . | . . . Parts Attached 16 | . 10 6 Power 1 | . 1 . Engine 1 | . 1 . Core . | . . . Reactor . | . . . Propulsion 4 | . 3 1 Treads 2 | . 2 . Leg . | . . . Wheel 2 | . 1 1 Hover . | . . . Flight . | . . . Utility 5 | . 3 2 Device 2 | . 1 1 Storage 1 | . 1 . Processor . | . . . Hackware . | . . . Protection 2 | . 1 1 Artifact . | . . . Weapon 6 | . 3 3 Energy Gun 2 | . 1 1 Energy Cannon . | . . . Ballistic Gun 2 | . 2 . Ballistic Cannon 1 | . . 1 Launcher 1 | . . 1 Special Weapon . | . . . Impact Weapon . | . . . Slashing Weapon . | . . . Piercing Weapon . | . . . Special Melee Weapon . | . . . Unidentified Prototypes 1 | . . 1 Parts Lost 8 | . 5 3 Power 1 | . 1 . Propulsion 3 | . 1 2 Utility . | . . . Weapon 4 | . 3 1 Highest Loss Streak 4 | . 4 2 To Critical Strikes . | . . . Average Slot Usage (%) 91 | . 89 100 Engine 14 | . 14 14 Treads 18 | . 21 8 Wheel 5 | . . 20 Device 5 | . 6 5 Storage 14 | . 14 14 Protection 5 | . 4 8 Energy Gun 9 | . 8 11 Ballistic Gun 16 | . 19 7 Ballistic Cannon 1 | . . 6 Naked Turns . | . . . Heaviest Build 34 | 11 30 34 Greatest Support 40 | 20 40 20 Greatest Overweight (x) 1 | . 1 1 Average Overweight (x) . | . . 1 Largest Inventory Capacity 15 | . 15 15 Average Capacity 11 | . 9 15 Most Carried 15 | . 14 15 Average Carried 9 | . 7 14 Final Capacity 15 | 8 15 15 Final Carried 15 | 6 13 15 Class Distribution -------------------- 100% | Mutant Dominant Class ---------------- Mutant | -10/Materials Mutant | -10/Mines Resources | -11 -10 -10 ----------- Run | Jun Mat Min Matter Collected 555 | 173 225 157 Remotely . | . . . Salvage Created 831 | . 653 178 Parts 44 | . 36 8 Haulers Intercepted . | . . . Recyclers Shooed . | . . . Parts Field Recycled . | . . . Retrieved Matter . | . . . Parts Self-Destructed . | . . . Prevented . | . . . Kills | -11 -10 -10 ------- Run | Jun Mat Min Combat Hostiles Destroyed 20 | . 17 3 Guns 17 | . 16 1 Cannons 2 | . . 2 AOE 1 | . 1 . Classes Destroyed 4 | . 3 1 Mechanic 1 | . . 1 Watcher 2 | . 2 . Swarmer 3 | . 3 . Grunt 17 | . 14 3 Thug 1 | . . 1 Best Kill Streak 4 | . 3 4 Combat Bots Only 3 | . 3 3 Max Kills in Single Turn 1 | . 1 1 Gunslinging . | . . . Exploded 1 | . 1 . Melee . | . . . Uniques/NPCs Destroyed . | . . . Combat | -11 -10 -10 -------- Run | Jun Mat Min Damage Taken 1197 | . 840 357 Core 253 | . 184 69 Absorbed by Shields . | . . . Core Remaining (%) 100 | 100 . . Volleys Fired 104 | . 90 14 Largest 2 | . 2 2 Hottest 75 | . 60 75 Shots Fired 206 | . 178 28 Gun 193 | . 178 15 Cannon 13 | . . 13 Launcher . | . . . Special . | . . . Kinetic 173 | . 159 14 Thermal 15 | . 1 14 Explosive . | . . . Electromagnetic 18 | . 18 . Robot Hit Streak 21 | . 11 21 Robot Miss Streak 3 | . 3 1 Penetration Max . | . . . Secondary Targets 4 | . 4 . Max Gunslinging Chain 1 | . 1 . Shots Hit Robots 140 | . 117 23 Core Hits 53 | . 43 10 Critical Kills . | . . . Critical Parts Destroyed . | . . . Critical Strikes . | . . . Melee Attacks . | . . . Impact . | . . . Slashing . | . . . Piercing . | . . . Sneak Attacks . | . . . Combat Hostiles . | . . . Follow-up Attacks . | . . . Damage Inflicted 1459 | . 1113 346 Guns 1216 | . 1065 151 Cannons 195 | . . 195 Explosions 39 | . 39 . Melee . | . . . Ramming 9 | . 9 . Kinetic 1100 | . 897 203 Thermal 193 | . 50 143 Explosive . | . . . Electromagnetic 157 | . 157 . Impact . | . . . Slashing . | . . . Piercing . | . . . Highest Corruption . | . . . Average Corruption . | . . . Corruption Purged . | . . . Corruption Blocked . | . . . Overload Shots . | . . . Overflow Damage . | . . . Projectiles . | . . . Explosions . | . . . Melee . | . . . Knockbacks 2 | . 1 1 Impact 1 | . 1 . Kinetic 1 | . . 1 Secondary . | . . . Self-Inflicted Damage . | . . . Shots . | . . . Rammed 2 | . 2 . Targets Rammed 2 | . 2 . Kicked . | . . . Crushed . | . . . Highest Temperature 229 | . 159 229 Average Temperature 66 | . 49 88 Received Heat Transfer 594 | . 456 138 Siege Activations . | . . . Robots Corrupted . | . . . Combat Hostiles . | . . . Parts Fried . | . . . Impact Corruptions . | . . . Robots Melted . | . . . Combat Hostiles . | . . . Parts Melted . | . . . Heat Transferred 350 | . 25 325 Parts Sabotaged . | . . . Parts Stolen . | . . . Parts Stripped . | . . . Power Chain Reactions 1 | . 1 . Missiles Intercepted . | . . . Alert | -11 -10 -10 ------- Run | Jun Mat Min Peak Influence 367 | . 367 104 Initial 47 | . . 47 Average 164 | . 200 51 Maximum Alert Level 1 | . 1 . Low Security (%) 59 | . 46 100 Level 1 40 | . 53 . Level 2 . | . . . Level 3 . | . . . Level 4 . | . . . Level 5 . | . . . High Security . | . . . Max Security . | . . . Squads Dispatched 6 | . 5 1 Investigation 2 | . 2 . Extermination . | . . . Reinforcement 3 | . 3 . Assault 1 | . . 1 Garrison . | . . . Intercept . | . . . Searches Triggered . | . . . Construction Impeded . | . . . Haulers Reinforced . | . . . Active Scanning Responses . | . . . Cargo Convoy Interrupts . | . . . Stealth | -11 -10 -10 --------- Run | Jun Mat Min Distress Signals 1 | . 1 . Communications Jammed . | . . . Distress Signals . | . . . Times Spotted 36 | . 28 8 Peak Tracking Total 4 | . 3 4 Tactical Retreats 1 | . 1 . Traps | -11 -10 -10 ------- Run | Jun Mat Min Traps Triggered . | . . . Indirectly . | . . . Trap Hack Attempts . | . . . Triggered . | . . . Disarmed . | . . . Reprogrammed . | . . . Reused . | . . . Traps Extracted . | . . . Installed . | . . . Triggered . | . . . Machines | -11 -10 -10 ---------- Run | Jun Mat Min Machines Disabled . | . . . Max in Single Turn . | . . . Machines Repaired . | . . . Machines Sabotaged . | . . . Overloaded Fab Kills . | . . . Hacking | -11 -10 -10 --------- Run | Jun Mat Min Machines Accessed 9 | . 9 . Terminals 6 | . 6 . Fabricators . | . . . Repair Stations 1 | . 1 . Recycling Units 2 | . 2 . Scanalyzers . | . . . Garrison Access . | . . . Total Hacks 21 | . 21 . Successful 14 | . 14 . Failed 7 | . 7 . Catastrophic . | . . . Database Lockouts . | . . . Manual 20 | . 20 . Terminals 18 | . 18 . Fabricators . | . . . Repair Stations 1 | . 1 . Recycling Units 2 | . 2 . Scanalyzers . | . . . Garrison Access . | . . . Terminal Hacks 9 | . 9 . Part Schematic 1 | . 1 . Robot Analysis 4 | . 4 . Prototype ID Bank 2 | . 2 . Locate Traps 2 | . 2 . Fabricator Hacks . | . . . Repair Station Hacks . | . . . Recycling Unit Hacks . | . . . Scanalyzer . | . . . Garrison Access Hacks . | . . . Unauthorized Hacks 5 | . 5 . Terminals 3 | . 3 . Track 1 | . 1 . Botnet 1 | . 1 . Operators 1 | . 1 . Fabricators . | . . . Repair Stations . | . . . Recycling Units 2 | . 2 . Tunnel 2 | . 2 . Scanalyzers . | . . . Garrison Access . | . . . Data Cores Recovered . | . . . Used . | . . . Hacking Detections 8 | . 8 . Full Trace Events . | . . . Feedback Events . | . . . Feedback Blocked . | . . . Robot Schematics Acquired . | . . . Robots Built . | . . . Authchips . | . . . Time . | . . . Total Robot Build Rating . | . . . Part Schematics Acquired 1 | . 1 . Parts Built . | . . . Authchips . | . . . Time . | . . . Total Part Build Rating . | . . . Parts Repaired . | . . . Time . | . . . Parts Recycled . | . . . Recycled Matter . | . . . Retrieved Matter . | . . . Retrieved Components . | . . . Parts Scanalyzed . | . . . Part Schematics Acquired . | . . . Parts Damaged . | . . . Bothacking | -11 -10 -10 ------------ Run | Jun Mat Min Used RIF Installer . | . . . Robots Hacked . | . . . Non-combat . | . . . Combat . | . . . Robot Hacks Applied . | . . . Relay Couplers Released . | . . . Fabnet Peak Effective % . | . . . Robots Rewired . | . . . Allies Hacked . | . . . Hacks Repelled . | . . . Allies | -11 -10 -10 -------- Run | Jun Mat Min Total Allies 1 | . . 1 Largest Group 1 | . . 1 Highest-Rated Group 31 | . . 31 Highest-Rated Ally 31 | . . 31 Total Orders . | . . . Ally Attacks 7 | . . 7 Total Damage 145 | . . 145 Kills 1 | . . 1 Allies Corrupted . | . . . Allies Melted . | . . . Intel | -11 -10 -10 ------- Run | Jun Mat Min Robot Analysis Total 4 | . 4 . Derelict Logs Recovered 1 | . . 1 Drone Launches . | . . . Drone Recoveries . | . . . Exploration | -11 -10 -10 ------------- Run | Jun Mat Min Turns Passed 2044 | . 1551 493 Spaces Moved 948 | 1 688 259 Core . | . . . Treads 770 | . 688 82 Legs 1 | 1 . . Wheels 177 | . . 177 Hover . | . . . Flight . | . . . Fastest Speed 95 | 120 160 95 Average Speed 169 | 120 180 140 Slowest Speed 240 | 120 240 240 Overloaded Moves . | . . . Propulsion Burnouts . | . . . Robots Hopped . | . . . Cave-ins Triggered . | . . . Exploration Rate (%) 50 | 2 96 54 Regions Visited 2 Branch Regions 1 Pre-discovered Areas 3 | . 2 1 Known Exits Taken . | . . . Unknown Exits Taken 2 | 1 1 . Scrap Searched . | . . . Spaces Dug . | . . . Terrain Destroyed 4 | . 4 . Melee . | . . . Projectile . | . . . AOE 4 | . 4 . Terrain Rammed . | . . . Walls Destroyed . | . . . Machines Disabled . | . . . Actions | -11 -10 -10 --------- Run | Jun Mat Min Total 1208 | . 851 357 Wait 117 | . 43 74 Move 946 | . 687 259 Hop . | . . . Pick Up 18 | . 14 4 Fast Attach 3 | . 3 . Attach 8 | . 6 2 Detach . | . . . Swap 5 | . 1 4 Drop 5 | . 5 . Fire 104 | . 90 14 Melee . | . . . Ram . | . . . Kick . | . . . Crush 2 | . 2 . Escape Stasis . | . . . Rewire . | . . . Trap . | . . . Miscellaneous . | . . . Route ------- -11/Junkyard -10/Materials (discovered 4 exits: [*Mat x3] / [*Min]) -10/Mines History --------- Turn | Location | Event 1 | -11/Junkyard | Discovered new exit (range 0) 1 | -11/Junkyard | Entered Materials 310 | -10/Materials | Build established: Mutant 311 | -10/Materials | Discovered new exit (range 3) 662 | -10/Materials | Discovered new exit (range 13) 853 | -10/Materials | Core integrity fell below 50% 908 | -10/Materials | Discovered new exit (range 6) 919 | -10/Materials | Lost 4 parts (1p1n2w) 1109 | -10/Materials | Discovered new exit (range 15) 1552 | -10/Materials | Entered Mines 1672 | -10/Mines | Found a damaged Exp. Sensor Array with a note attached 1677 | -10/Mines | Found Prototype Device 1688 | -10/Mines | Identified Exp. Sensor Array 1702 | -10/Mines | Met a Derelict testing a Signal Generator 1716 | -10/Mines | Found Signal Generator 1816 | -10/Mines | Core integrity fell below 20% 1865 | -10/Mines | Learned location of Zion (-6) 1983 | -10/Mines | Deemed a non-threat by the Exiles lab entrance 2036 | -10/Mines | Assembled infested the area 2045 | -10/Mines | Destroyed by D-53 Grenadier with Mini Grenade Launcher Last Messages --------------- 01953_ Acquired Hcp. Matter Pod. 01983_ "No threat detected, you may enter." 02023_ A derelict emerges from the shadows. 02024_ C3-FIU(g): "Some of my friends down here think you need a mining laser when you travel the depths." 02025_ C3-FIU(g): "You know what I say? NO!" 02025_ C3-FIU(g) knocked back. 02026_ C3-FIU(g): "Everyone knows a good old rocket launcher goes a long way." 02027_ C3-FIU(g): "Need to get rid of a swarm? Done. Need a big hole in the wall? Done." 02028_ C3-FIU(g): "Need a small hole in the wall? Leave that to the mining laser wimps, I say!" 02028_ C3-FIU(g) destroyed. 02032_ Acquired 38 matter. 02036_ ALERT: Infestation in the mines, dispatching Demolisher response squad. 02041_ C-30 ARC bursts open, deploying its payload. 02041_ D-53 Grenadier unfolds itself. 02045_ Wheel destroyed. Map ----- +----------------------------------------------------+ | ?# #????????????????????????????????????????????? | | ?# #????????????????????????????????????????????? | | ?# ####?????????????????????????????????????????? | | ?# #?????????????????????????????????????????? | | ?# ## #???????###???????????????????????????????? | | ?# #?? ?????? #???????????????????????????????? | | ?# #???##?????# #???????????????????????????????? | | ?# #??????????# #???????????????????????????????? | | ?# #########??# ###?????????????????????????????? | | ?# #### ##????????????????????????????? | | ?# ## ##???????????????????????????? | | ######### ###?????????????????????????? | | ## #???????????????????????? | | # ####????????????????????? | | ######## #????????????????????? | | #?????## #????????????????????? | | #????## ### ###### ###??????????????????? | | #????# ##?# #???## ####???????????????? | | #?#### ##??# #???# ##??????????????? | | #?# #???# #???# %#??????????????? | | ### ##???# #???# #??????????????? | | ## ##### ##????# #???# ##?????????????? | | #???# #?????# #???# #?????????????? | | #####???# #?????# #???# #??????????????? | | #???????# #?????# ##### #??????????????? | | #???????# ?????# @ #??????????????? | | ###?????####?????###### #??????????????? | | #???????????????????## ##??????????????? | | ## #??????????????????? #??????????????? | | ?# ##??????????????????#### ##??????????????? | | ? #??????????????????????# d% #???????????????? | | ? ##??????????????????????? d #??????????????? | | ? ????????????????????????? ?????????????? | | ?#????????????????????????? ????????????? | | ???????????????????????????####### ???????????? | | ??????????????????????????????????###???????????? | | ????????????????????????????????????????????????? | | | | | | | | | | | | | | | | | | | | | | | | | | | +----------------------------------------------------+ Best States ------------- Heat Dissipation 35 Energy Generation 10 Energy Capacity 250 Matter Stores 300 Matter Capacity 300 Sight Range 16 Robot Scan Range 20 Terrain Scan Density 10 Armor Coverage 150 Evasion (%) 41 Recoil Reduction 2 Item Schematics ----------------- Cargo Storage Unit | -10/Materials | Hacked Robot Schematics ------------------ None Fabricated ------------ Nothing Alien Tech Used ----------------- None Achievements -------------- None Challenges ------------ None Game ------ Seed IntegratedEfficiencyFlakker Manual? 0 Play Time 00:10:48 Cumulative 296.2 hours Start 2023.04.15 @ 08:30:14 End 2023.04.15 @ 08:39:17 Sessions 1 Manual Loads 0 Difficulty Rogue Special Mode None Game No. 445 Rogue 422 Adventurer 4 Explorer 19 Win Type - Total 12 Types 10/0/0/2/0/0/0/0/0 Lore% 71 Gallery% 91 Achievement% 74 Wizard Run 0 Options --------- ASCII 0 Keyboard 1 Movement Numpad Keybinds 0 Fullscreen 1 Font 18/X11Bold Map View 76x50 Tactical HUD 1 Map Filters NONE Filters NONE Steam 1 RUN: d2fab57b-a106-4ae6-a951-0e6bcf0c4e63